PIO
CLEVELAND (RK+) GUARDIANS @ MISSOULA OSPREY
09/24/2080
 
TOP OF THE 1ST
Cleveland (Rk+) Guardians batting - Pitching for Missoula Osprey : LHP Andres Benavides
Pitching: LHP Andres Benavides
Batting: RHB Jordan Andrade 0-0: Ball
1-0: Ground out 4-3 (Groundball, 4S, EV 86.2 MPH)
Batting: RHB Casey Locantore 0-0: Ball
1-0: Ball
2-0: Foul Ball, location: 2F
2-1: Foul Ball, location: 2F
2-2: Ball
3-2: Foul Ball, location: 2F
3-2: Strikes out swinging, 2-3 out at first.
Pitching: RHP Armando Canales
Batting: RHB Matt Lopeman 0-0: SOLO HOME RUN (Flyball, 9D, EV 96.9 MPH), Distance : 352 ft
Batting: LHB Willie Salinas 0-0: Ball
1-0: Ball
2-0: Ball
3-0: Called Strike
3-1: Base on Balls
Batting: RHB Bobby Petty 0-0: Ball
1-0: Ball
2-0: Called Strike
Willie Salinas steals 2nd base
2-1: Ball
3-1: Ground out U3 (Groundball, 13, EV 89.4 MPH)
Top of the 1st over - 1 run, 1 hit, 0 errors, 1 left on base; Cleveland (Rk+) 1 - Missoula 0
BOTTOM OF THE 1ST
Missoula Osprey batting - Pitching for Cleveland (Rk+) Guardians : RHP Justin Garneau
Pitching: RHP Justin Garneau
Batting: RHB Brice Janson 0-0: Ball
1-0: Foul Ball, location: 2F
1-1: Ball
2-1: Ball
3-1: SINGLE (Line Drive, 8LS, EV 102.5 MPH)
Batting: RHB Andre Scott 0-0: Called Strike
0-1: Ball
1-1: Fly out, F8 (Flyball, 89S, EV 93.1 MPH)
Batting: LHB Dave Allard 0-0: Ball
Brice Janson is caught stealing 2nd base 2-6
1-0: Foul Ball, location: 2F
1-1: Foul Ball, location: 2F
1-2: SINGLE (Groundball, 34D, EV 100.6 MPH)
Batting: RHB Tommy Garrett 0-0: Called Strike
0-1: Swinging Strike
0-2: Ball
1-2: SINGLE (Line Drive, 9S, EV 104.4 MPH)
Dave Allard to second
Dave Allard to third
Batting: LHB T.J. Gilman 0-0: Foul Ball, location: 2F
0-1: Foul Ball, location: 2F
0-2: Ball
1-2: Ball
2-2: Ground out 4-3 (Groundball, 4, EV 91.2 MPH)
Bottom of the 1st over - 0 runs, 3 hits, 0 errors, 2 left on base; Cleveland (Rk+) 1 - Missoula 0
TOP OF THE 2ND
Cleveland (Rk+) Guardians batting - Pitching for Missoula Osprey : RHP Armando Canales
Batting: RHB Sean Patruno 0-0: Ball
1-0: Ground out U3 (Groundball, 3, EV 83.8 MPH)
Batting: RHB Justin Garneau 0-0: Called Strike
0-1: Foul Ball, location: 2F
0-2: Ball
1-2: Ball
2-2: Strikes out looking
Batting: RHB Luis Verdugo 0-0: Ball
1-0: Ball
2-0: Fly out, F8 (Flyball, 8LM, EV 92.5 MPH)
Top of the 2nd over - 0 runs, 0 hits, 0 errors, 0 left on base; Cleveland (Rk+) 1 - Missoula 0
BOTTOM OF THE 2ND
Missoula Osprey batting - Pitching for Cleveland (Rk+) Guardians : RHP Justin Garneau
Batting: RHB Joe Mudder 0-0: Called Strike
0-1: Called Strike
0-2: Foul Ball, location: 2F
0-2: Ball
1-2: Ball
2-2: Strikes out looking
Batting: RHB Ângelo Tarouca 0-0: Ball
1-0: Ball
2-0: SINGLE (Line Drive, 5D, EV 99.4 MPH)
Batting: RHB Jason Fish 0-0: Ball
1-0: Foul Ball, location: 2F
1-1: Swinging Strike
1-2: SINGLE (Line Drive, 8LS, EV 100.0 MPH)
Ângelo Tarouca to second
Batting: RHB Ricardo Duran 0-0: Ball
1-0: Swinging Strike
1-1: Foul Ball, location: 2F
1-2: Ball
2-2: Fielders Choice at 2nd, 6-4 (Groundball, 6, EV 85.6 MPH)
Ângelo Tarouca to third
Batting: RHB Brice Janson 0-0: Called Strike
0-1: SINGLE (Line Drive, 78S, EV 113.1 MPH)
Ângelo Tarouca scores
Ricardo Duran to second
Batting: RHB Andre Scott 0-0: Foul Ball, location: 2F
0-1: Called Strike
0-2: Ball
1-2: Foul Ball, location: 2F
1-2: Ball
2-2: Strikes out looking
Bottom of the 2nd over - 1 run, 3 hits, 0 errors, 2 left on base; Cleveland (Rk+) 1 - Missoula 1
TOP OF THE 3RD
Cleveland (Rk+) Guardians batting - Pitching for Missoula Osprey : RHP Armando Canales
Batting: RHB Efrain Rocha 0-0: Ball
1-0: Ball
2-0: Ball
3-0: Called Strike
3-1: Foul Ball, location: 2F
3-2: Foul Ball, location: 2F
3-2: Fly out, F9 (Line Drive, 9, EV 103.8 MPH)
Batting: RHB Jordan Andrade 0-0: Called Strike
0-1: Foul Ball, location: 2F
0-2: Foul Ball, location: 2F
0-2: Foul Ball, location: 2F
0-2: Ball
1-2: Ball
2-2: Foul Ball, location: 2F
2-2: TRIPLE (Line Drive, 9LD, EV 110.0 MPH)
Batting: RHB Casey Locantore 0-0: Fly out, F8 (Flyball, 8RD, EV 100.6 MPH)
Runner from 3rd tags up, SCORES, throw by CF
Batting: RHB Matt Lopeman 0-0: Called Strike
0-1: SINGLE (Groundball, 56S, EV 75.6 MPH) (infield hit)
Batting: LHB Willie Salinas 0-0: Foul Ball, location: 2F
0-1: Ball
1-1: Swinging Strike
1-2: Ball
Matt Lopeman is caught stealing 2nd base 2-6
Top of the 3rd over - 1 run, 2 hits, 0 errors, 0 left on base; Cleveland (Rk+) 2 - Missoula 1
BOTTOM OF THE 3RD
Missoula Osprey batting - Pitching for Cleveland (Rk+) Guardians : RHP Justin Garneau
Batting: LHB Dave Allard 0-0: Swinging Strike
0-1: Ball
1-1: Ball
2-1: SOLO HOME RUN (Flyball, 9D, EV 91.9 MPH), Distance : 345 ft
Batting: RHB Tommy Garrett 0-0: Ball
1-0: SINGLE (Groundball, 34D, EV 107.5 MPH)
Batting: LHB T.J. Gilman 0-0: Called Strike
0-1: Called Strike
Tommy Garrett steals 2nd, throwing error, E2
Tommy Garrett to third
0-2: Foul Ball, location: 2F
0-2: Ball
1-2: Ball
2-2: Ball
3-2: DOUBLE (Line Drive, 7LD, EV 104.4 MPH)
Tommy Garrett scores
Batting: RHB Joe Mudder 0-0: Foul Ball, location: 2F
0-1: Ball
1-1: Swinging Strike
1-2: Ball
2-2: Strikes out swinging
Batting: RHB Ângelo Tarouca 0-0: Ball
1-0: Ground out 6-3 (Groundball, 6, EV 85.0 MPH)
T.J. Gilman to third
Batting: RHB Jason Fish 0-0: Ball
1-0: Ball
2-0: Swinging Strike
2-1: Ball
3-1: Base on Balls
Batting: RHB Ricardo Duran 0-0: Called Strike
0-1: Ball
1-1: Ball
2-1: Ball
3-1: Ground out U3 (Groundball, 3S, EV 85.0 MPH)
Bottom of the 3rd over - 2 runs, 3 hits, 1 error, 2 left on base; Cleveland (Rk+) 2 - Missoula 3
TOP OF THE 4TH
Cleveland (Rk+) Guardians batting - Pitching for Missoula Osprey : RHP Armando Canales
Batting: LHB Willie Salinas 0-0: Ball
1-0: Ball
2-0: Called Strike
2-1: Ball
3-1: Base on Balls
Batting: RHB Bobby Petty 0-0: Called Strike
0-1: Called Strike
0-2: Ball
1-2: Strikes out swinging
Batting: RHB Sean Patruno 0-0: Ball
1-0: Called Strike
1-1: SINGLE (Groundball, 34D, EV 95.0 MPH)
Willie Salinas to second
Runner from 2nd tries for 3rd, SAFE, throw by RF made to third
Batting: RHB Justin Garneau 0-0: Foul Ball, location: 2F
0-1: Foul Ball, location: 2F
0-2: Fly out, F3 (Popup, 3, EV 72.5 MPH)
Pinch Hitting: SHB Aaron Catanzano 0-0: Called Strike
0-1: Ball
1-1: Ground out 6-3 (Groundball, P, EV 83.8 MPH)
Top of the 4th over - 0 runs, 1 hit, 0 errors, 2 left on base; Cleveland (Rk+) 2 - Missoula 3
BOTTOM OF THE 4TH
Missoula Osprey batting - Pitching for Cleveland (Rk+) Guardians : RHP Justin Garneau
Now at 2B: Fernando Perucho
Batting: RHB Brice Janson 0-0: Called Strike
0-1: Ground out 5-3 (Groundball, 56, EV 84.4 MPH)
Batting: RHB Andre Scott 0-0: Foul Ball, location: 2F
0-1: Ball
1-1: Called Strike
1-2: Ball
2-2: Fly out, F7 (Line Drive, 78S, EV 95.0 MPH)
Batting: LHB Dave Allard 0-0: Ball
1-0: Called Strike
1-1: Called Strike
1-2: SINGLE (Flyball, 56D, EV 91.9 MPH)
Batting: RHB Tommy Garrett 0-0: Ball
1-0: Ball
2-0: Called Strike
2-1: Ball
3-1: Foul Ball, location: 2F
3-2: Base on Balls
Dave Allard to second
Pitching: RHP Aidan Greenleaf
Batting: LHB T.J. Gilman 0-0: Called Strike
0-1: Ball
1-1: Swinging Strike
1-2: Strikes out swinging
Bottom of the 4th over - 0 runs, 1 hit, 0 errors, 2 left on base; Cleveland (Rk+) 2 - Missoula 3
TOP OF THE 5TH
Cleveland (Rk+) Guardians batting - Pitching for Missoula Osprey : RHP Armando Canales
Batting: RHB Efrain Rocha 0-0: Ball
1-0: Ball
2-0: Called Strike
2-1: Foul Ball, location: 2F
2-2: Ball
3-2: SINGLE (Groundball, 34D, EV 99.4 MPH)
Batting: RHB Jordan Andrade 0-0: Bunt missed!
0-1: Bunted foul
0-2: DOUBLE (Groundball, 5L, EV 103.1 MPH)
Efrain Rocha to third
Pitching: RHP Mike Stull
Batting: RHB Casey Locantore 0-0: Called Strike
0-1: Ball
1-1: Fly out, F9 (Flyball, 9, EV 77.5 MPH)
Batting: RHB Matt Lopeman 0-0: SINGLE (Groundball, 6D, EV 96.9 MPH)
Efrain Rocha scores
Jordan Andrade to third
Runner from 3rd tries for Home, SAFE, throw by CF to home
Batting: LHB Willie Salinas 0-0: Grounds into double play, 4-6-3 (Groundball, 4, EV 83.8 MPH)
Top of the 5th over - 2 runs, 3 hits, 0 errors, 0 left on base; Cleveland (Rk+) 4 - Missoula 3
BOTTOM OF THE 5TH
Missoula Osprey batting - Pitching for Cleveland (Rk+) Guardians : RHP Aidan Greenleaf
Batting: RHB Joe Mudder 0-0: Ball
1-0: Swinging Strike
1-1: Called Strike
1-2: Strikes out swinging
Batting: RHB Ângelo Tarouca 0-0: Called Strike
0-1: Ball
1-1: Swinging Strike
1-2: Ball
2-2: Ball
3-2: Foul Ball, location: 2F
3-2: Base on Balls
Batting: RHB Jason Fish 0-0: Ball
1-0: Called Strike
1-1: Ball
2-1: Called Strike
Ângelo Tarouca is caught stealing 2nd base 2-4
2-2: Strikes out swinging
Bottom of the 5th over - 0 runs, 0 hits, 0 errors, 0 left on base; Cleveland (Rk+) 4 - Missoula 3
TOP OF THE 6TH
Cleveland (Rk+) Guardians batting - Pitching for Missoula Osprey : RHP Mike Stull
Batting: RHB Bobby Petty 0-0: Called Strike
0-1: Ball
1-1: Ball
2-1: Called Strike
2-2: Foul Ball, location: 2F
2-2: Ball
3-2: SINGLE (Line Drive, 6D, EV 94.4 MPH)
Batting: RHB Sean Patruno 0-0: Ball
1-0: Swinging Strike
Bobby Petty steals 2nd base
1-1: Ball
2-1: Ground out 6-3 (Groundball, 6, EV 98.8 MPH)
Batting: RHB Justin Garneau 0-0: Intentional Walk
Batting: RHB Fernando Perucho 0-0: Grounds into double play, 6-4-3 (Groundball, 6, EV 85.0 MPH)
Top of the 6th over - 0 runs, 1 hit, 0 errors, 1 left on base; Cleveland (Rk+) 4 - Missoula 3
BOTTOM OF THE 6TH
Missoula Osprey batting - Pitching for Cleveland (Rk+) Guardians : RHP Aidan Greenleaf
Batting: RHB Ricardo Duran 0-0: Ball
1-0: Called Strike
1-1: Foul Ball, location: 2F
1-2: Foul Ball, location: 2F
1-2: Strikes out swinging
Batting: RHB Brice Janson 0-0: Called Strike
0-1: Ball
1-1: Called Strike
1-2: Strikes out swinging
Batting: RHB Andre Scott 0-0: Foul Ball, location: 2F
0-1: Swinging Strike
0-2: Foul Ball, location: 2F
0-2: Ball
1-2: Strikes out swinging
Bottom of the 6th over - 0 runs, 0 hits, 0 errors, 0 left on base; Cleveland (Rk+) 4 - Missoula 3
TOP OF THE 7TH
Cleveland (Rk+) Guardians batting - Pitching for Missoula Osprey : RHP Mike Stull
Batting: RHB Efrain Rocha 0-0: Ball
1-0: Swinging Strike
1-1: Ground out U3 (Groundball, 34, EV 86.2 MPH)
Batting: RHB Jordan Andrade 0-0: Ball
1-0: Ball
2-0: Foul Ball, location: 2F
2-1: SINGLE (Line Drive, 78S, EV 90.0 MPH)
Batting: RHB Casey Locantore 0-0: Called Strike
Jordan Andrade is caught stealing 2nd base 2-4
0-1: Called Strike
0-2: Ball
1-2: Strikes out looking
Top of the 7th over - 0 runs, 1 hit, 0 errors, 0 left on base; Cleveland (Rk+) 4 - Missoula 3
BOTTOM OF THE 7TH
Missoula Osprey batting - Pitching for Cleveland (Rk+) Guardians : RHP Aidan Greenleaf
Pitching: RHP Adam Ayala
Batting: LHB Dave Allard 0-0: Ball
1-0: Called Strike
1-1: Swinging Strike
1-2: Ball
2-2: Strikes out swinging
Batting: RHB Tommy Garrett 0-0: Called Strike
0-1: Foul Ball, location: 2F
0-2: Ball
1-2: Foul Ball, location: 2F
1-2: Strikes out swinging
Batting: LHB T.J. Gilman 0-0: Swinging Strike
0-1: Foul Ball, location: 2F
0-2: Strikes out swinging
Bottom of the 7th over - 0 runs, 0 hits, 0 errors, 0 left on base; Cleveland (Rk+) 4 - Missoula 3
TOP OF THE 8TH
Cleveland (Rk+) Guardians batting - Pitching for Missoula Osprey : RHP Mike Stull
Pitching: RHP Brett Hertzler
Batting: RHB Matt Lopeman 0-0: Fly out, F3 (Popup, 3F, EV 64.4 MPH)
Batting: LHB Willie Salinas 0-0: Called Strike
0-1: Foul Ball, location: 2F
0-2: Strikes out swinging
Batting: RHB Bobby Petty 0-0: Ball
1-0: Ground out 5-3 (Groundball, 56, EV 79.4 MPH)
Top of the 8th over - 0 runs, 0 hits, 0 errors, 0 left on base; Cleveland (Rk+) 4 - Missoula 3
BOTTOM OF THE 8TH
Missoula Osprey batting - Pitching for Cleveland (Rk+) Guardians : RHP Adam Ayala
Pitching: RHP Bailey Bethune
Pinch Hitting: LHB Johnny Laureano 0-0: Called Strike
0-1: SINGLE (Groundball, 4MD, EV 101.9 MPH)
Batting: RHB Ângelo Tarouca 0-0: Bunted foul
0-1: Bunt missed!
0-2: Fly out, F2 (Popup, 15S, EV 42.5 MPH)
Batting: RHB Jason Fish 0-0: Ball
1-0: Called Strike
1-1: Foul Ball, location: 2F
1-2: Ball
2-2: Foul Ball, location: 2F
2-2: Fly out, F9 (Flyball, 89D, EV 103.1 MPH)
Batting: RHB Ricardo Duran 0-0: Ball
1-0: Called Strike
1-1: Ball
2-1: Foul Ball, location: 2F
2-2: Strikes out looking
Bottom of the 8th over - 0 runs, 1 hit, 0 errors, 1 left on base; Cleveland (Rk+) 4 - Missoula 3
TOP OF THE 9TH
Cleveland (Rk+) Guardians batting - Pitching for Missoula Osprey : RHP Brett Hertzler
Pitching: RHP Nick Farrier
Now in LF: Jason Collins
Batting: RHB Sean Patruno 0-0: Ball
1-0: Ball
2-0: Called Strike
2-1: Foul Ball, location: 2F
2-2: Fly out, F2 (Popup, 23F, EV 83.8 MPH)
Batting: RHB Justin Garneau 0-0: Ball
1-0: Swinging Strike
1-1: Foul Ball, location: 2F
1-2: Strikes out swinging
Batting: RHB Fernando Perucho 0-0: Ball
1-0: Called Strike
1-1: Foul Ball, location: 2F
1-2: Ball
2-2: Foul Ball, location: 2F
2-2: Foul Ball, location: 2F
2-2: SINGLE (Groundball, 56D, EV 80.0 MPH) (infield hit)
Pinch Hitting: LHB Erik Schwartz 0-0: Called Strike
0-1: Ball
1-1: Swinging Strike
1-2: Foul Ball, location: 2F
1-2: Foul Ball, location: 2F
Pickoff Throw to First - Out! 1-3
Top of the 9th over - 0 runs, 1 hit, 0 errors, 0 left on base; Cleveland (Rk+) 4 - Missoula 3
BOTTOM OF THE 9TH
Missoula Osprey batting - Pitching for Cleveland (Rk+) Guardians : RHP Bailey Bethune
Now at C: Mitch Licon
Batting: RHB Brice Janson 0-0: Ball
1-0: Foul Ball, location: 2F
1-1: Foul Ball, location: 2F
1-2: Strikes out looking
Batting: RHB Andre Scott 0-0: Ball
1-0: Swinging Strike
1-1: Swinging Strike
1-2: Fly out, F9 (Flyball, 9, EV 95.6 MPH)
Batting: LHB Dave Allard 0-0: Ball
1-0: Called Strike
1-1: Foul Ball, location: 2F
1-2: Ball
2-2: Strikes out swinging
Bottom of the 9th over - 0 runs, 0 hits, 0 errors, 0 left on base; Cleveland (Rk+) 4 - Missoula 3
Saturday, July 30th , 2022 - OOTP Baseball 23.5 Build 73